 Dungeon Crawl Stone Soup version 0.31-a0-1540-g5a0b83f448 (webtiles) character file.

Game seed: 1377002030363326825

9 MisterAzrael the Changeling (level 2, 18/18 HPs)
             Began as an Octopode Shapeshifter on Jan 2, 2024.
             Was a Follower of Elyvilon.
             Quit the game on level 1 of the Dungeon.
             The game lasted 00:00:44 (262 turns).

MisterAzrael the Changeling (Octopode Shapeshifter)  Turns: 262, Time: 00:00:45

Health: 18/18      AC:  1    Str: 13    XL:     2   Next: 12%
Magic:  2/2        EV: 13    Int: 12    God:    Elyvilon [*.....]
Gold:   24         SH:  0    Dex: 11    Spells: 1/1 levels left

rFire   . .          .
                       - Unarmed
rCold   . . .        (no shield)
rNeg    . . .        (helmet currently unavailable)
rPois   .            (no amulet)
rElec   .            (no ring)
rCorr   .            (no ring)
SInv    .            (no ring)
Will    .....        (no ring)
Stlth   ++           (no ring)
HPRegen 0.23/turn    (no ring)
MPRegen 0.08/turn    (no ring)
                     (no ring)

%: no passive effects
@: beast-form
A: beast (slay +1), almost no armour, amphibious, 8 rings, camouflage 1,
gelatinous body 1, (nimble swimmer 1), tentacles
a: Begin Untransformation, Renounce Religion, Purification


You were on level 1 of the Dungeon.
You worshipped Elyvilon.
Elyvilon was aware of your devotion.
You were a hulking beast.
You visited 1 branch of the dungeon, and saw 1 of its levels.

You collected 24 gold pieces.

Inventory:

Talismans
 b - a beast talisman
 c - a flux talisman
 f - a maw talisman
Potions
 a - a potion of lignification
 d - a potion of berserk rage {unknown}
 e - a potion of curing {unknown}


   Skills:
 - Level 1.1 Fighting
 - Level 2.0 Dodging
 + Level 3.1 Unarmed Combat
 * Level 3.2 Shapeshifting


You had one spell level left.
You didn't know any spells.
Your spell library was empty.

Dungeon Overview and Level Annotations

Branches:
Dungeon (1/15)

Altars:
Elyvilon


Innate Abilities, Weirdness & Mutations

You are a hulking beast.
Your limbs bulge with bestial killing power. (Slay +1)
You cannot wear most types of armour.
You are amphibious.
You can wear up to eight rings at the same time.
Your skin changes colour to match your surroundings (Stealth+).
Your rubbery body absorbs attacks. (AC +1, EV +1)
((You are camouflaged when in or above water. (Stealth+)))
You have tentacles for arms and can constrict up to eight enemies at once.


Message History

You now have 24 gold pieces (gained 10).
Found a sling.
Found 5 stones.
No target in view!
No target in view!
No target in view!
No target in view!
Found a stone staircase leading down.
There is a stone staircase leading down here.
You see here a +0 sling.
You see here a +0 sling.
Found a stone.
No target in view!
No target in view!
No target in view!
You see here a stone.
Found a club.
Found a faded altar of an unknown god.
A kobold comes into view. It is wielding a +0 whip.
A frilled lizard comes into view.
The kobold shouts!
The kobold hits you with a +0 whip.
You tentacle-slap the kobold.
You kill the kobold!
You barely miss the frilled lizard. You grab the frilled lizard.
Your squeeze misses the frilled lizard. You constrict the frilled lizard.
The frilled lizard bites you.
You tentacle-slap the frilled lizard.
You kill the frilled lizard!
No target in view!
There is a faded altar of an unknown god here.
You see here a -2 club.
This altar belongs to (a) Elyvilon, (b) Kikubaaqudgha or (c) Ashenzari, but you can't tell which.
Press the corresponding letter to learn more about a god, or press enter to convert or escape to cancel.
Elyvilon accepts your prayer! Elyvilon welcomes you!
You can now purify yourself.
Things that are here:
a +0 whip; 3 stones; a frilled lizard corpse A quokka comes into view.
The quokka moves out of view.
Are you sure you want to abandon this character and quit the game? (Confirm with "yes".)

###.# ..... #.#..
##.#.# #..# #....#
#..# #..#.# #..#
.#.##..#.# #..#
.......h.# #..#
.##.#.##.# #..# ..
#.#######..# ### #.
##..........####..
#
##.#..###...)......
#.####.#.########.#
##.###..## #.#
#..#.### #.# #.#.##
#.#


There were no monsters in sight!

Vanquished Creatures
  2 goblins (D:1)
  2 jackals (D:1)
  A ball python (D:1)
  A bat (D:1)
  A frilled lizard (D:1)
  A kobold (D:1)
  A rat (D:1)
9 creatures vanquished.

Notes
Turn   | Place    | Note
-------+----------+-------------------------------------------
     0 | D:1      | MisterAzrael the Octopode Shapeshifter began the quest for
                  | the Orb.
     0 | D:1      | Reached XP level 1. HP: 13/13 MP: 1/1
   107 | D:1      | Reached XP level 2. HP: 17/18 MP: 2/2
   182 | D:1      | Found a faded altar of an unknown god.
   209 | D:1      | Prayed at the altar of an unknown god.
   209 | D:1      | Became a worshipper of Elyvilon the Healer
   209 | D:1      | Reached * piety under Elyvilon
   262 | D:1      | Quit the game

Illustrated notes

Levels and vault maps discovered:
D:1:      evilmike_arrival_hilbert_curve, layout_loops_cross,
          ebering_ecumenical_altar_rust, serial_shops, nicolae_shop_rolled_up,
          minmay_tripent

Action                     || total
---------------------------++-------
  Melee: Unarmed           ||    12
         Tentacles         ||     2
         Constrict         ||     2
   Stab: Sleeping          ||     1
 Armour: Skin              ||     5
  Dodge: Dodged            ||     3

Table legend: (Time is in decaauts)
 A = Elapsed time spent in this place.
 B = Non-inter-level travel time spent in this place.
 C = Inter-level travel time spent in this place.
 D = Time resting spent in this place.
 E = Time spent auto-exploring this place.
 F = Levels seen in this place.
 G = Mean time per level.
                   A        B        C        D        E       F      G
               +--------+--------+--------+--------+--------+-----+--------+
         Total |    261 |    251 |     10 |      0 |    187 |   1 |  261.0 |
       Dungeon |    261 |    251 |     10 |      0 |    187 |   1 |  261.0 |
               +--------+--------+--------+--------+--------+-----+--------+

Top non-repeatable levels by time:
     D:1: 261 daAuts
